 Dungeon Crawl Stone Soup version 0.20.1-1-g8b1a95d (webtiles) character file.

516118 Peloso the Minotaur Barricade (level 24, -3/214 HPs)
             Began as a Minotaur Fighter on July 28, 2017.
             Was the Champion of Okawaru.
             Slain by an azure jelly (16 damage)
             ... created by the Royal Jelly
             ... on level 4 of the Pits of Slime on July 29, 2017.
             The game lasted 04:09:24 (68966 turns).

Peloso the Minotaur Barricade (Minotaur Fighter)   Turns: 68966, Time: 04:09:24

Health: -3/214     AC: 28    Str: 39    XL:     24   Next: 49%
Magic:  25/25      EV: 15    Int:  4    God:    Okawaru [******]
Gold:   4533       SH: 40    Dex: 13    Spells: 23/23 levels left

rFire    . . .     SeeInvis +   H - +9 double sword (elec)
rCold    . . .     Gourm    .   t - +10 large shield of Ignorance {rN+ Int-4}
rNeg     + . .     Faith    +   v - +15 Maxwell's patent armour {-Cast -Tele rElec MR+ rCorr}
rPois    .         Spirit   .   z - +2 hat {Int+3}
rElec    +         Reflect  .   O - scarf "Quleopn" {Dex+4 SInv}
rCorr    +         Harm     .   U - +0 pair of gloves {Str+3}
MR       +++..     Rnd*Rage +   E - +2 pair of boots {Stlth+} Stlth ..........NoTele +
                                Q - amulet of faith
Regen    0.5/turn  NoCast   +   b - +6 ring of strength
MPRegen  0.2/turn               S - ring of protection from magic

@: heroism, corroded, berserk cooldown, hasted and slowed
A: retaliatory headbutt, horns 2, berserk 1, clumsy 2, deformed body, frail 1,
screaming 1, teleportitis 1
}: 2/15 runes: decaying, gossamer
a: Heroism, Finesse, Renounce Religion


You were on level 4 of the Pits of Slime.
You worshipped Okawaru.
Okawaru was exalted by your worship.
You were not hungry.

You visited 10 branches of the dungeon, and saw 47 of its levels.
You visited the Abyss 1 time.
You visited 1 bazaar.
You also visited: Labyrinth, Trove, Bailey and Volcano.

You collected 6426 gold pieces.
You spent 1893 gold pieces at shops.

Inventory:

Hand Weapons
 H - a +9 double sword of electrocution (weapon)
 W - the +8 falchion of Rutynum {slice, MR+ SInv Stlth+}
   (Okawaru gifted it to you on level 2 of the Vaults)

   It inflicts extra damage upon your enemies.
   It affects your resistance to hostile enchantments.
   It lets you see invisible.
   It makes you more stealthy.
 Z - a +4 scimitar of flaming
Armour
 e - the +3 warlock's mirror {reflect}
   (You found it in a treasure trove)
 t - the +10 large shield of Ignorance (worn) {rN+ Int-4}
   (You found it in a treasure trove)

   It affects your intelligence (-4).
   It protects you from negative energy.
 v - the +15 Maxwell's patent armour (worn) {-Cast -Tele rElec MR+ rCorr}
   (Okawaru gifted it to you on level 4 of the Vaults)

   It insulates you from electricity.
   It affects your resistance to hostile enchantments.
   It prevents spellcasting.
   It prevents most forms of teleportation.
   It protects you from acid and corrosion.
 w - +6 gold dragon scales
 y - a +2 cloak of magic resistance
 z - a +2 hat of intelligence (worn)
 E - a +2 pair of boots of stealth (worn)
 O - the scarf "Quleopn" (worn) {Dex+4 SInv}
   (Okawaru gifted it to you on level 1 of the Elven Halls)

   It affects your dexterity (+4).
   It lets you see invisible.
 U - a +0 pair of gloves of strength (worn)
Jewellery
 a - an uncursed ring of flight
 b - a +6 ring of strength (left hand)
 g - an uncursed ring of resist corrosion
 i - the ring of the Prince of Darkness {rCorr rElec rF- Dex+5}
   (You bought it in a shop in a bazaar)

   [ring of resist corrosion]

   It affects your dexterity (+5).
   It makes you vulnerable to fire.
   It insulates you from electricity.
 Q - an amulet of faith (around neck)
 S - a ring of protection from magic (right hand)
Wands
 F - a wand of digging (4/24)
 T - a wand of lightning (3/15)
Scrolls
 d - 5 scrolls of fear
 h - 8 scrolls of recharging
 l - 12 scrolls of teleportation
 m - 8 scrolls of magic mapping
 o - 2 scrolls of fog
 q - 16 scrolls of remove curse
 J - 23 scrolls of identify
 R - 7 scrolls of summoning
 X - a scroll of silence
Potions
 j - 13 potions of curing
 k - 3 potions of haste
 n - 8 potions of agility
 u - a potion of flight
 A - 6 potions of invisibility
 I - 5 potions of berserk rage
 M - 6 potions of might
 V - 2 potions of resistance
Comestibles
 f - 22 bread rations
 p - 38 royal jellies
 r - 3 fruits
 s - 21 meat rations


   Skills:
 + Level 24.2(27) Fighting
   Level 2.5(20.9) Short Blades
 + Level 24.6(27) Long Blades
 + Level 20.9(25.9) Armour
 + Level 4.1(9.1) Dodging
 + Level 2.7(7.7) Stealth
 O Level 27 Shields
 + Level 4.6 Invocations
 + Level 3.8 Evocations


You had 23 spell levels left.
You didn't know any spells.

Dungeon Overview and Level Annotations

Branches:
Dungeon (15/15)            Temple (1/1) D:4            Lair (6/6) D:9
  Swamp (4/4) Lair:2       Spider (4/4) Lair:2        Slime (5/5) Lair:6
    Orc (2/2) D:10            Elf (3/3) Orc:2        Vaults (5/5) D:14
  Crypt (0/3) Vaults:2     Depths (2/5) D:15

Altars:
Ashenzari
Cheibriados
Dithmenos
Elyvilon
Fedhas
Gozag
Hepliaklqana
Kikubaaqudgha
Makhleb
Nemelex Xobeh
Okawaru
Qazlal
Ru
Sif Muna
Trog
Uskayaw
Vehumet
Xom
Yredelemnul
Zin
The Shining One
Beogh
Jiyva

Shops:
D:5 }   D:6 [   D:8 [   D:9 ??   D:10 *   D:12 *   D:14 *   Orc:1 *
Orc:2 ?}(*   Elf:2 [   Elf:3 [   Vaults:2 (   Vaults:3 }

Portals:
Hell: Depths:1 Depths:2
Pandemonium: Depths:2
Ziggurat: Depths:2

Annotations:
Swamp:2 exclusion: Roxanne, Roxanne


Innate Abilities, Weirdness & Mutations

You reflexively headbutt those who attack you in melee.
You have a pair of horns on your head.
You tend to lose your temper in combat.
You are very clumsy. (Dex -4)
Armour fits poorly on your strangely shaped body.
You are frail. (-10% HP)
You occasionally shout uncontrollably at your foes.
You are occasionally teleported next to monsters.


Message History

You block the azure jelly's attack. The golden eye blinks at you.
You resist with almost no effort.
The azure jelly hits you but does no damage.
The azure jelly closely misses you.
The azure jelly hits you but does no damage.
The azure jelly misses you. You block the death ooze's attack.
The death ooze hits you.
* * * LOW HITPOINT WARNING * * *
You block the death ooze's attack.
The death ooze hits you but does no damage.
You feel better.
You block the large slime creature's attack.
You block the acid blob's attack.
The large slime creature completely misses you.
The golden eye blinks at you. You resist with almost no effort.
The azure jelly hits you.
* * * LOW HITPOINT WARNING * * *
The azure jelly freezes you!
You die...

..#....# . ...
. ......§ .....
#. .....#.#...#
#..#..GG.......
........#......
#......§......#
##....JJJ......
#.....J@J......
......JJJ......
...............
#..#....#......
.. #.....#.....
# .....# #....
#....## #...
..... ##.


You could see an acid blob, 2 azure jellies, 3 large slime creatures, 2 death
oozes and 2 golden eyes.

Vanquished Creatures
  the Royal Jelly (Slime:5)
  The ghost of SirMumm the Sorcerer, a legendary GrWz of Okawaru (Vaults:5)
  Mara (Vaults:1)
  Boris (twice) (Vaults:2 Vaults:4)
  Sojobo (Vaults:5)
  Margery (Vaults:5)
  Bai Suzhen (Vaults:2)
  2 golden dragons (Vaults:4)
  The ghost of SirMumm the Eclecticist, a veteran GrWz of Okawaru (Vaults:2)
  A bone dragon (Swamp:4)
  The ghost of raetorn the Imperceptible, an adept OpEE of Vehumet (Spider:4)
  2 tentacled monstrosities (Vaults:5)
  6 titans
  2 liches
  3 deep elf blademasters
  Frances (D:13)
  9 acid blobs
  A quicksilver dragon (Vaults:4)
  3 sphinxes
  8 tengu reavers
  A tentacled starspawn (Abyss:3)
  A thorn hunter (Swamp:4)
  8 storm dragons
  2 shadow dragons (Vaults:5)
  8 azure jellies
  Donald (Elf:3)
  6 frost giants
  4 ghost moths
  The ghost of xash the Gelid, a journeyman BaIE of Vehumet (Orc:2)
  7 deep elf sorcerers
  5 fire giants
  23 vault wardens
  2 iron dragons
  7 emperor scorpions
  16 ironheart preservers
  4 deep elf elementalists
  9 very ugly things
  16 war gargoyles
  3 entropy weavers
  12 stone giants
  6 deep elf demonologists
  Azrael (Elf:1)
  8 deep elf annihilators (Elf:3)
  3 spark wasps
  A lorocyproca (Abyss:3)
  A dire elephant (Lair:6)
  A spark wasp (shapeshifter) (Depths:1)
  5 deep elf death magi
  An ettin (shapeshifter) (Abyss:3)
  A minotaur (Lab)
  A blizzard demon (Depths:2)
  3 death oozes (Slime:5)
  13 ettins
  6 crystal guardians (Depths:2)
  5 deep elf high priests (Elf:3)
  7 fire dragons
  2 great orbs of eyes (shapeshifter) (Depths:2)
  10 ogre magi
  11 yaktaur captains
  6 ice dragons
  18 hydras
  3 rakshasas
  8 great orbs of eyes
  34 vault guards
  Fannar (D:10)
  Erolcha (Orc:2)
  A ghost crab (Swamp:3)
  42 two-headed ogres
  A spriggan air mage (Depths:2)
  10 centaur warriors
  2 death knights
  43 dancing weapons
  2 satyrs (shapeshifter) (Depths:2)
  2 hell hogs
  4 deep troll shamans
  3 death yaks (Lair:6)
  2 tengu warriors
  14 alligators
  Sonja (D:10)
  4 thrashing horrors (Abyss:3)
  22 deep elf knights
  A shadow wraith (Vaults:3)
  A hell knight (Vaults:5)
  4 unseen horrors
  A fire crab (Volcano)
  A death drake (Swamp:4)
  A swamp dragon (shapeshifter) (Depths:2)
  2 skeletal warriors
  11 deep trolls
  2 flayed ghosts
  3 glowing orange brains (Depths:2)
  4 shambling mangroves
  7 swamp dragons
  6 starcursed masses (Abyss:3)
  5 wizards
  A shadow dragon zombie (Depths:1)
  4 obsidian statues (Depths:2)
  17 deep elf archers
  A lindwurm (Lair:6)
  5 harpies (Vaults:3)
  25 ironbrand convokers
  21 orc knights
  5 phantasmal warriors
  15 necromancers
  15 orb spiders
  A spectral hydra (Swamp:4)
  23 wolf spiders
  A harpy (shapeshifter) (Depths:2)
  3 shining eyes
  38 ugly things
  2 orc sorcerers
  3 manticores
  53 deep elf magi
  6 cyclopes
  An elephant (shapeshifter) (Depths:2)
  2 wolf spiders (shapeshifter)
  3 centaur zombies (D:14)
  4 molten gargoyles
  A moth of wrath (Spider:2)
  An apocalypse crab (Abyss:3)
  8 elephants
  A salamander (shapeshifter) (Vaults:4)
  2 water nymphs (shapeshifter)
  13 vault sentinels
  Joseph (D:8)
  5 gargoyles
  An eye of devastation (Slime:5)
  22 spiny frogs
  8 black mambas
  A hellion (Abyss:3)
  4 torpor snails
  A spriggan zombie (Depths:1)
  A spiny frog (shapeshifter) (Vaults:2)
  A storm dragon simulacrum (Vaults:4)
  5 rime drakes
  3 swamp worm zombies (Swamp:4)
  An efreet (D:15)
  A komodo dragon (shapeshifter) (D:15)
  A kobold demonologist (D:14)
  7 freezing wraiths
  7 komodo dragons
  35 yaktaurs
  16 demonic crawlers
  4 spriggan skeletons (Depths:1)
  An ice devil (Abyss:3)
  2 guardian mummies (D:15)
  2 tengu conjurers
  A queen bee (Spider:4)
  2 hydra zombies (Swamp:4)
  7 trolls
  11 tyrant leeches
  A queen bee (shapeshifter) (Vaults:3)
  A red devil (Depths:1)
  19 jumping spiders
  A jumping spider (shapeshifter) (Vaults:3)
  18 hornets
  14 blink frogs
  A shadow dragon simulacrum (Vaults:3)
  An ettin zombie (Vaults:4)
  2 blink frogs (shapeshifter) (Depths:2)
  12 bog bodies
  4 alligator zombies (Swamp:4)
  A sphinx simulacrum (Depths:1)
  8 large abominations
  2 fire dragon zombies (Depths:1)
  4 wind drakes (Depths:2)
  An ice dragon zombie (Depths:1)
  47 slime creatures
  4 spectral swamp dragons (Swamp:4)
  6 dream sheep (Lair:6)
  5 raiju (Abyss:3)
  13 hippogriffs
  A fire dragon skeleton (Depths:1)
  A fire giant simulacrum (Vaults:1)
  A frost giant simulacrum (Depths:1)
  2 shadows (Swamp:4)
  5 spriggans
  7 air elementals
  A yak (shapeshifter) (Depths:2)
  Sigmund (D:5)
  41 redbacks
  A ynoxinul (Abyss:3)
  A vampire (D:15)
  18 tarantellas
  6 wyverns
  20 yaks
  A redback (shapeshifter) (Vaults:2)
  7 water elementals
  3 tarantellas (shapeshifter)
  9 wraiths
  3 hogs (shapeshifter)
  6 basilisks
  13 fire elementals
  A basilisk (shapeshifter) (Elf:2)
  3 hogs (D:7)
  19 fire bats (Volcano)
  A steam dragon (Lair:4)
  6 hungry ghosts
  3 neqoxecs (Abyss:3)
  2 golden eyes (Slime:2)
  22 humans
  2 chaos spawn (Abyss:3)
  31 vampire mosquitoes
  Menkaure (D:5)
  A deep troll zombie (Vaults:4)
  10 wargs
  18 insubstantial wisps
  15 swamp worms
  6 acid dragons
  A small abomination (Abyss:3)
  12 water moccasins
  2 floating eyes (shapeshifter)
  10 porcupines
  2 black bears
  55 orc warriors
  5 ice beasts
  A sky beast (shapeshifter) (Depths:2)
  2 sky beasts
  An ettin simulacrum (Depths:1)
  3 eyes of draining
  A fire dragon simulacrum (Depths:1)
  6 swamp drakes
  3 eyes of draining (shapeshifter)
  6 phantoms
  4 swamp dragon zombies (Swamp:4)
  6 wolves (Lair:1)
  A tengu (shapeshifter) (Vaults:4)
  13 boggarts
  33 ogres
  26 centaurs
  15 crocodiles
  20 bullfrogs
  2 big kobolds (D:3)
  4 elf zombies
  A gnoll sergeant (D:8)
  15 earth elementals
  A wyvern zombie (D:10)
  An elf skeleton (Abyss:3)
  A hornet simulacrum (D:15)
  2 scorpions
  15 killer bees
  13 wights
  3 howler monkeys
  An electric eel (D:6)
  3 crimson imps
  A quasit (D:9)
  5 lava snakes (Volcano)
  2 human simulacra
  2 bullfrog zombies
  25 orc wizards
  8 hounds
  4 jellies
  5 centaur skeletons
  A gnoll shaman (Orc:1)
  9 orc priests
  5 human zombies (D:15)
  Jessica (D:3)
  9 iguanas
  12 worker ants
  3 spectral swamp drakes (Swamp:4)
  2 human skeletons (D:15)
  2 hound zombies
  2 mummies (D:15)
  A worker ant zombie (D:8)
  8 gnolls
  9 adders
  5 shadow imps
  3 white imps (Lair:4)
  An ooze (D:4)
  3 adder skeletons
  An adder zombie (D:7)
  8 worms
  2 dart slugs (D:1)
  5 leopard geckos
  116 orcs
  9 bats
  9 giant cockroaches
  10 goblins
  8 hobgoblins
  4 jackals (D:8)
  3 quokkas
  2 ball pythons
  A ball python skeleton (D:5)
  3 frilled lizards
  16 kobolds
  6 rats
  2 briar patches (Swamp:4)
  A bush (Lair:1)
  3 fungi
  A plant (Lair:1)
2051 creatures vanquished.

Vanquished Creatures (others)
  A deep elf master archer (Elf:3)
  An ogre mage (Vaults:3)
  3 deep elf archers
  2 deep elf magi
  A yaktaur (Vaults:5)
  A tyrant leech (Swamp:1)
  An air elemental (Depths:2)
  A fire bat (Volcano)
  A wyvern (shapeshifter) (Vaults:5)
  2 water elementals (Depths:2)
  A golden eye (shapeshifter) (Depths:2)
  A vampire mosquito (Swamp:4)
  A naga (shapeshifter) (Vaults:5)
  8 ball lightnings (Depths:2)
  An orc (Vaults:1)
  A hobgoblin (D:1)
  9 fungi
  11 plants (Lair:6)
  2 starspawn tentacles (Abyss:3)
49 creatures vanquished.

Grand Total: 2100 creatures vanquished

Notes
Turn   | Place    | Note
-------+----------+-------------------------------------------
     0 | D:1      | Peloso the Minotaur Fighter began the quest for the Orb.
     0 | D:1      | Reached XP level 1. HP: 19/19 MP: 0/0
    74 | D:1      | Reached XP level 2. HP: 27/27 MP: 1/1
   108 | D:1      | Reached skill level 4 in Shields
   381 | D:1      | Reached XP level 3. HP: 33/33 MP: 2/2
   817 | D:2      | Found an opulent altar of Gozag.
   978 | D:2      | Reached XP level 4. HP: 38/40 MP: 3/3
  1235 | D:3      | Noticed Jessica
  1244 | D:3      | Killed Jessica
  1327 | D:3      | Noticed a big kobold
  1327 | D:3      | Noticed a big kobold
  1343 | D:3      | Killed a big kobold
  1343 | D:3      | Reached XP level 5. HP: 36/46 MP: 4/4
  1350 | D:3      | Reached skill level 5 in Armour
  1350 | D:3      | Reached skill level 5 in Shields
  1883 | D:3      | Noticed an ice beast
  1896 | D:3      | Killed an ice beast
  1896 | D:3      | Reached skill level 1 in Dodging
  1896 | D:3      | Reached XP level 6. HP: 37/53 MP: 5/5
  2011 | D:4      | Reached skill level 5 in Long Blades
  2105 | D:4      | Found an opulent altar of Gozag.
  2283 | D:4      | Reached XP level 7. HP: 50/60 MP: 6/6
  2284 | D:4      | Reached skill level 5 in Fighting
  2286 | D:4      | Reached skill level 6 in Shields
  2301 | D:4      | Found a stormy altar of Qazlal.
  2382 | D:4      | Found a white marble altar of Elyvilon.
  2384 | D:4      | Found a stormy altar of Qazlal.
  2868 | D:4      | Found a staircase to the Ecumenical Temple.
  2878 | Temple   | Entered the Ecumenical Temple
  3196 | D:5      | Entered Level 5 of the Dungeon
  3355 | D:5      | Noticed Sigmund
  3365 | D:5      | Killed Sigmund
  3365 | D:5      | Reached XP level 8. HP: 63/68 MP: 7/7
  3641 | D:5      | Found a shadowy altar of Dithmenos.
  3730 | D:5      | Found a sacrificial altar of Ru.
  3836 | D:5      | Noticed Menkaure
  3847 | D:5      | Killed Menkaure
  3957 | D:5      | Found Yzoaw's Gadget Shop.
  4248 | D:6      | Reached skill level 7 in Shields
  4615 | D:6      | Found an iron altar of Okawaru.
  4615 | D:6      | Found a snail-covered altar of Cheibriados.
  4617 | D:6      | You fall through a shaft!
  4689 | D:6      | Became a worshipper of Warmaster Okawaru
  5002 | D:6      | Reached XP level 9. HP: 74/78 MP: 8/8
  5009 | D:6      | Found Luatas's Armour Shop.
  5033 | D:6      | Reached * piety under Okawaru
  5085 | D:6      | Noticed a two-headed ogre
  5095 | D:6      | Killed a two-headed ogre
  5095 | D:6      | Reached skill level 10 in Long Blades
  5095 | D:6      | Reached skill level 8 in Shields
  5936 | D:7      | Reached ** piety under Okawaru
  6002 | D:7      | Found a glowing golden altar of the Shining One.
  6119 | D:8      | Noticed a two-headed ogre
  6123 | D:8      | Noticed Joseph
  6149 | D:8      | Killed Joseph
  6149 | D:8      | Reached XP level 10. HP: 68/86 MP: 6/9
  6274 | D:8      | Reached skill level 9 in Shields
  6405 | D:8      | You fall through a shaft for 3 floors!
  6461 | D:11     | Noticed a two-headed ogre
  6470 | D:11     | Killed a two-headed ogre
  6470 | D:11     | Reached *** piety under Okawaru
  6520 | D:10     | Entered Level 10 of the Dungeon
  6702 | D:11     | Reached skill level 10 in Shields
  6737 | D:10     | Noticed Fannar
  6767 | D:10     | Killed Fannar
  6767 | D:10     | Reached **** piety under Okawaru
  7637 | D:10     | Found a staircase to the Orcish Mines.
  7699 | Orc:1    | Entered Level 1 of the Orcish Mines
  8152 | Orc:2    | Entered Level 2 of the Orcish Mines
  8468 | Orc:1    | Reached skill level 11 in Shields
  8470 | Orc:1    | Noticed a cyclops
  8482 | Orc:1    | Killed a cyclops
  8482 | Orc:1    | Reached XP level 11. HP: 48/94 MP: 10/10
  8925 | D:10     | Noticed Sonja
  8927 | D:10     | Reached ***** piety under Okawaru
  8947 | D:10     | Killed Sonja
  9508 | D:8      | Found Nunaen's Armour Shoppe.
  9557 | D:8      | Killed a two-headed ogre
  9557 | D:8      | Received a gift from Okawaru
  9557 | D:8      | Reached skill level 1 in Evocations
  9566 | D:8      | Got a bloodstained crystal plate armour {god gift}
  9577 | D:8      | Identified the +4 crystal plate armour of the Neverending Hells {Str+3} (Okawaru gifted it to you on level 8 of the Dungeon)
  9968 | D:9      | Found Imakicux's Magic Scroll Shop.
  9977 | D:9      | Bought a scroll of fog for 26 gold pieces
  9977 | D:9      | Bought a scroll of magic mapping for 45 gold pieces
  9977 | D:9      | Bought a scroll of teleportation for 39 gold pieces
 10122 | D:9      | Noticed a two-headed ogre
 10131 | D:9      | Killed a two-headed ogre
 10131 | D:9      | Reached skill level 12 in Shields
 10191 | D:9      | Found Atibuuwk's Magic Scroll Boutique.
 10196 | D:9      | Found a staircase to the Lair.
 10517 | D:10     | Found Lam Lerchump's Assorted Antiques.
 10628 | D:10     | Reached skill level 10 in Armour
 10870 | D:11     | Reached skill level 1 in Invocations
 11037 | D:11     | Noticed a cyan ugly thing
 11047 | D:11     | Killed a cyan ugly thing
 11302 | D:11     | Noticed a deep elf mage
 11309 | D:11     | Killed a deep elf mage
 11599 | D:12     | Noticed a two-headed ogre
 11606 | D:12     | Killed a two-headed ogre
 11618 | D:12     | Found a labyrinth entrance.
 11631 | Lab      | Entered a labyrinth
 11706 | Lab      | Reached XP level 12. HP: 106/106 MP: 11/11
 11743 | Lab      | Reached skill level 10 in Fighting
 11885 | Lab      | Noticed a minotaur
 11893 | Lab      | Killed a minotaur
 11894 | Lab      | Identified the Catalogue of Air and Hexes
 11952 | D:12     | Found Toru Xee's Assorted Antiques.
 12210 | Lair:1   | Entered Level 1 of the Lair of Beasts
 12210 | Lair:1   | Noticed a seven-headed hydra
 12231 | Lair:1   | Killed an 18-headed hydra
 12864 | Lair:1   | Reached skill level 13 in Shields
 13827 | Lair:2   | Found a hole to the Spider Nest.
 14104 | Lair:2   | Noticed a six-headed hydra
 14115 | Lair:2   | Killed a 14-headed hydra
 14223 | Lair:2   | Found a staircase to the Swamp.
 14370 | Lair:2   | Received a gift from Okawaru
 14653 | D:12     | Noticed a tengu warrior
 14682 | D:12     | Killed a tengu warrior
 14682 | D:12     | Reached skill level 14 in Shields
 14724 | D:12     | Got a polished rapier
 14927 | D:12     | Identified the +6 rapier of Conscience {venom, rF+ Int+4 Dex-5 SInv Stlth+} (You found it on level 12 of the Dungeon)
 15076 | D:12     | Reached ****** piety under Okawaru
 15115 | D:12     | Reached XP level 13. HP: 101/116 MP: 14/14
 15202 | D:12     | Received a gift from Okawaru
 15486 | D:6      | Bought +1 gold dragon scales for 1044 gold pieces
 15695 | D:13     | Found a flagged portal.
 15750 | Bailey   | Entered a bailey
 16325 | Bailey   | Identified 2 scrolls of acquirement
 16613 | D:13     | Noticed Frances
 17019 | D:13     | Reached skill level 15 in Shields
 17193 | D:13     | Killed Frances
 18236 | Lair:3   | Received a gift from Okawaru
 19033 | Lair:4   | Reached skill level 15 in Long Blades
 19830 | Lair:5   | Found a dark tunnel.
 19837 | Volcano  | Entered a volcano
 20038 | Volcano  | Found a radiant altar of Vehumet.
 20040 | Volcano  | Reached XP level 14. HP: 116/126 MP: 15/15
 20057 | Volcano  | Reached skill level 16 in Shields
 21072 | Lair:6   | Entered Level 6 of the Lair of Beasts
 21087 | Lair:6   | Received a gift from Okawaru
 21137 | Lair:6   | Found a viscous altar of Jiyva.
 21137 | Lair:6   | Found a staircase to the Slime Pits.
 21728 | Lair:6   | HP: 6/127 [elephant (29)]
 21924 | Lair:5   | Reached skill level 1 in Short Blades
 22485 | Lair:6   | Received a gift from Okawaru
 23038 | Lair:6   | Reached skill level 17 in Shields
 24597 | Orc:2    | Found a staircase to the Elven Halls.
 24875 | Orc:2    | Found Edal's General Store.
 24875 | Orc:2    | Found Haaj's Weapon Boutique.
 24882 | Orc:2    | Bought a scroll of enchant armour for 120 gold pieces
 25020 | Orc:2    | Noticed xash's ghost (journeyman BaIE)
 25060 | Orc:2    | Killed xash's ghost
 25250 | Orc:2    | Found a roughly hewn altar of Beogh.
 25463 | Orc:2    | Reached XP level 15. HP: 136/136 MP: 16/16
 25796 | Orc:2    | Found Qasch's Magic Scroll Boutique.
 25796 | Orc:2    | Found Otiat's Gadget Emporium.
 26028 | Orc:1    | Noticed Erolcha
 26047 | Orc:1    | Found Feboatu's Assorted Antiques.
 26067 | Orc:2    | Killed Erolcha
 26389 | Orc:1    | Bought a scroll labeled WARAFA NUSTIBU for 19 gold pieces
 26666 | D:14     | Received a gift from Okawaru
 26887 | D:14     | Got a brightly glowing falchion
 26888 | D:14     | Identified the +1 falchion of Hepoisk Hakk {freeze, rF+ rC+ Str-2 Dex+3} (You found it on level 14 of the Dungeon)
 26914 | D:14     | Found Rapremar's Changing Room.
 26997 | D:14     | Reached skill level 18 in Shields
 27424 | D:14     | Found a gate to the Vaults.
 27572 | D:14     | Received a gift from Okawaru
 27953 | D:15     | Entered Level 15 of the Dungeon
 28212 | Lair:1   | Got a bloodstained demon blade
 28213 | Lair:1   | Identified the +4 demon blade of Bile {drain, +Fly rC+ rN+} (You acquired it on level 1 of the Lair of Beasts)
 28427 | D:15     | Found a shadowy altar of Dithmenos.
 28496 | D:15     | Found a portal to a secret trove of treasure.
 28515 | Trove    | Entered a treasure trove
 28530 | Trove    | Got a spiked plate armour
 28551 | Trove    | Got a transparent scale mail
 28563 | Trove    | Identified the +4 scale mail of the Known World {Int+2 Slay+3} (You found it in a treasure trove)
 28624 | Trove    | Identified the +2 plate armour "Tyxzaot" {+Blink rF- rN++ Regen+} (You found it in a treasure trove)
 28919 | D:15     | Found a staircase to the Depths.
 29319 | D:15     | Reached skill level 19 in Shields
 29787 | D:15     | Found a basalt altar of Yredelemnul.
 30234 | Swamp:1  | Entered Level 1 of the Swamp
 30247 | Swamp:1  | Reached XP level 16. HP: 135/147 MP: 17/17
 30453 | Swamp:1  | Reached skill level 1 in Stealth
 30549 | Swamp:1  | Reached skill level 15 in Armour
 31366 | Swamp:2  | Reached skill level 20 in Shields
 31442 | Swamp:2  | Reached skill level 15 in Fighting
 31699 | Swamp:2  | Noticed Roxanne
 33016 | Swamp:3  | Received a gift from Okawaru
 33477 | Swamp:4  | Entered Level 4 of the Swamp
 33756 | Swamp:4  | Noticed a thorn hunter
 33771 | Swamp:4  | Killed a thorn hunter
 34248 | Swamp:4  | Reached skill level 21 in Shields
 34506 | Swamp:4  | Reached XP level 17. HP: 64/152 MP: 18/18
 35073 | Swamp:4  | Noticed a bone dragon
 35096 | Swamp:4  | Killed a bone dragon
 35327 | Swamp:4  | Got a decaying rune of Zot
 35892 | Spider:1 | Entered Level 1 of the Spider Nest
 36384 | Spider:1 | Received a gift from Okawaru
 36395 | Spider:1 | Got a pair of translucent boots {god gift}
 36483 | Spider:1 | Identified the +0 pair of boots "Favuovul" {+Blink rPois rF+ rN+} (Okawaru gifted it to you on level 1 of the Spider Nest)
 37681 | Spider:3 | Reached skill level 22 in Shields
 38618 | Spider:4 | Entered Level 4 of the Spider Nest
 38619 | Spider:4 | Noticed raetorn's ghost (adept OpEE)
 38764 | Spider:4 | Killed raetorn's ghost
 38773 | Spider:4 | Received a gift from Okawaru
 40341 | Spider:4 | Reached XP level 18. HP: 161/163 MP: 0/19
 40582 | Spider:4 | Reached skill level 23 in Shields
 40599 | Spider:4 | Got a gossamer rune of Zot
 41004 | Elf:1    | Entered Level 1 of the Elven Halls
 41305 | Elf:1    | Found an ancient bone altar of Kikubaaqudgha.
 41326 | Elf:1    | Noticed an Ice Fiend
 41329 | Elf:1    | Noticed an Ice Fiend
 41664 | Elf:1    | Identified the Volume of Evil Secrets
 41789 | Elf:1    | Noticed Azrael
 41795 | Elf:1    | Killed Azrael
 42028 | Elf:1    | Received a gift from Okawaru
 42031 | Elf:1    | Got a scorched scarf {god gift}
 42042 | Elf:1    | Identified the scarf "Quleopn" {Dex+4 SInv} (Okawaru gifted it to you on level 1 of the Elven Halls)
 42785 | Elf:2    | Found Zarphar's Armour Boutique.
 42824 | Elf:2    | Found a runed gate.
 42824 | Elf:2    | Found a runed gate.
 42824 | Elf:2    | Found a runed gate.
 44016 | Elf:3    | Entered Level 3 of the Elven Halls
 44105 | Elf:3    | Found Lusojyam's Antique Armour Boutique.
 44146 | Elf:3    | Reached skill level 24 in Shields
 44463 | Elf:3    | Reached XP level 19. HP: 163/177 MP: 20/20
 44697 | Elf:3    | Noticed Donald
 44707 | Elf:3    | Killed Donald
 44707 | Elf:3    | Received a gift from Okawaru
 45173 | Elf:3    | Got a shimmering bone ring
 45176 | Elf:3    | Identified the ring "Qarapruo" {+Fly rF- rC++ Str+2} (You took it off a deep elf annihilator on level 3 of the Elven Halls)
 45993 | Elf:3    | Got a smoking zirconium amulet
 46443 | Elf:3    | Identified the Catalogue of Lucky Envenoming
 46521 | Elf:3    | Identified the amulet "Farex" {Harm *Drain rElec} (You took it off a deep elf annihilator on level 3 of the Elven Halls)
 46748 | Elf:3    | Received a gift from Okawaru
 47332 | Depths:1 | Entered Level 1 of the Depths
 47374 | Depths:1 | Found a gateway to Hell.
 48027 | Depths:1 | Reached skill level 25 in Shields
 48343 | Depths:1 | Received a gift from Okawaru
 48996 | Depths:2 | Reached XP level 20. HP: 90/189 MP: 22/22
 49187 | Depths:2 | Received a gift from Okawaru
 50266 | Depths:2 | Found a one-way gate leading to the halls of Pandemonium.
 50278 | Depths:2 | Found a gateway to a ziggurat.
 50287 | Depths:2 | Got an ichor-stained chain mail
 50298 | Depths:2 | Identified the +5 chain mail of Horruf {rC++ MP+9 Dex-3 Stlth+} (You found it on level 2 of the Depths)
 50499 | Depths:2 | Got a fine glass ring
 50501 | Depths:2 | Identified the ring "Buuteeta" {rC+ Slay+3} (You found it on level 2 of the Depths)
 51468 | Vaults:1 | Entered Level 1 of the Vaults
 51632 | Vaults:1 | Reached skill level 26 in Shields
 51882 | Vaults:1 | Received a gift from Okawaru
 52639 | Vaults:2 | Noticed Mara
 52647 | Vaults:2 | Noticed Peloso's illusion
 52663 | Vaults:1 | Killed Mara
 53149 | Vaults:2 | Received a gift from Okawaru
 53152 | Vaults:2 | Got a bloodstained falchion {god gift}
 53163 | Vaults:2 | Identified the +8 falchion of Rutynum {slice, MR+ SInv Stlth+} (Okawaru gifted it to you on level 2 of the Vaults)
 53255 | Vaults:2 | Reached XP level 21. HP: 174/198 MP: 23/23
 53430 | Vaults:2 | Noticed Boris
 53449 | Vaults:2 | Killed Boris
 53465 | Vaults:2 | Found Mocluut's Weapon Emporium.
 53465 | Vaults:2 | Noticed Bai Suzhen
 53481 | Vaults:2 | Killed Bai Suzhen
 53544 | Vaults:2 | Noticed SirMumm's ghost (veteran GrWz)
 53592 | Vaults:2 | Killed SirMumm's ghost
 54140 | Vaults:2 | Found a staircase to the Crypt.
 54140 | Vaults:2 | Found an ancient bone altar of Kikubaaqudgha.
 54141 | Vaults:2 | Found a basalt altar of Yredelemnul.
 54275 | Vaults:2 | Identified The Arcane Secrets of Sorcery
 54412 | Vaults:2 | Reached skill level 27 in Shields
 54637 | Vaults:3 | Received a gift from Okawaru
 55903 | Vaults:3 | Found Kukkarirr's Gadget Shoppe.
 56024 | Vaults:3 | Received a gift from Okawaru
 58387 | Vaults:4 | Reached XP level 22. HP: 203/211 MP: 24/24
 58412 | Vaults:4 | Received a gift from Okawaru
 58444 | Vaults:4 | Found a flickering gateway to a bazaar.
 58458 | Bazaar   | Entered a bazaar
 58465 | Bazaar   | Identified Citourphi's Papyrus of Translocation and Sinister Arts
 58467 | Bazaar   | Found Kurroff's Book Emporium.
 58467 | Bazaar   | Found Joghun's Jewellery Shoppe.
 58509 | Bazaar   | Bought the ring of the Prince of Darkness {rCorr rElec rF- Dex+5} for 600 gold pieces
 59300 | Vaults:4 | Received a gift from Okawaru
 59945 | Vaults:5 | Entered Level 5 of the Vaults
 59945 | Vaults:5 | Noticed Boris
 60213 | Vaults:4 | Killed Boris
 60619 | Vaults:5 | Cast into level 3 of the Abyss (a deep elf demonologist)
 60764 | Abyss:3  | Found a viscous altar of Jiyva.
 60824 | Abyss:3  | Received a gift from Okawaru
 60824 | Abyss:3  | Gained mutation: You are occasionally teleported next to monsters. [a neqoxec]
 60966 | Vaults:5 | Escaped the Abyss
 61287 | Vaults:5 | Received a gift from Okawaru
 61449 | Vaults:5 | Noticed Margery
 61463 | Vaults:5 | Killed Margery
 61463 | Vaults:5 | Received a gift from Okawaru
 61498 | Vaults:5 | Reached XP level 23. HP: 117/222 MP: 25/25
 61817 | Vaults:5 | Noticed Sojobo
 62129 | Vaults:5 | Noticed SirMumm's ghost (legendary GrWz)
 63431 | Vaults:4 | Received a gift from Okawaru
 64942 | Vaults:4 | Paralysed by a great orb of eyes for 3 turns
 65360 | Vaults:4 | Received a gift from Okawaru
 65932 | Vaults:5 | HP: 7/226 [yaktaur (7)]
 66892 | Vaults:5 | Killed SirMumm's ghost
 66902 | Vaults:5 | Received a gift from Okawaru
 66902 | Vaults:5 | Reached XP level 24. HP: 106/236 MP: 24/25
 67243 | Vaults:5 | Killed Sojobo
 67505 | Vaults:5 | Identified the Catalogue of Creative Venom
 67668 | Vaults:5 | Got a steaming chain mail {god gift}
 67669 | Vaults:5 | Identified the +5 chain mail "Mekish" {rF+ Str+4 Stlth-} (Okawaru gifted it to you on level 5 of the Vaults)
 67812 | Vaults:5 | Got a crude chain mail
 68222 | Lair:1   | Identified the +0 chain mail of Tesahawk {Str+4} (You found it on level 5 of the Vaults)
 68439 | Slime:1  | Entered Level 1 of the Pits of Slime
 68581 | Slime:5  | Entered Level 5 of the Pits of Slime
 68884 | Slime:5  | Gained mutation: You occasionally shout uncontrollably at your foes. [a shining eye]
 68892 | Slime:5  | Gained mutation: You are clumsy. (Dex -2) [a shining eye]
 68894 | Slime:5  | Gained mutation: You are frail. (-10% HP) [a shining eye]
 68900 | Slime:5  | Gained mutation: Armour fits poorly on your strangely shaped body. [a shining eye]
 68902 | Slime:5  | Gained mutation: You are very clumsy. (Dex -4) [a shining eye]
 68903 | Slime:5  | Gained mutation: You tend to lose your temper in combat. [a shining eye]
 68928 | Slime:5  | Noticed the Royal Jelly
 68941 | Slime:5  | Killed the Royal Jelly
 68941 | Slime:5  | Received a gift from Okawaru
 68964 | Slime:4  | HP: 3/214 [azure jelly[the Royal Jelly] (22)]
 68966 | Slime:4  | Slain by an azure jelly

Skill      XL: |  1  2  3  4  5  6  7  8  9 10 11 12 13 14 15 16 17 18 19 20 21 22 23 24 |
---------------+-------------------------------------------------------------------------+-----
Shields        | 4 5 6 7 8 11 12 14 15 17 19 21 22 24 25 26 27 | 27.0
Armour         | 4 5 6 8 9 10 11 12 14 15 16 17 18 19 20 | 20.9
Fighting       | 4 5 6 7 8 9 11 12 13 14 15 16 17 18 19 20 22 23 24 | 24.2
Long Blades    | 4 5 7 9 11 12 13 14 15 16 17 18 19 20 21 22 23 24 | 24.6
Dodging        | 1 2 3 4 |  4.1
Evocations     | 1 2 3 |  3.8
Invocations    | 1 3 4 |  4.6
Short Blades   | 2 |  2.5
Stealth        | 1 2 |  2.7

Action                   |  1- 3 |  4- 6 |  7- 9 | 10-12 | 13-15 | 16-18 | 19-21 | 22-24 || total
-------------------------+-------+-------+-------+-------+-------+-------+-------+-------++-------
Melee: Long sword        |   101 |   142 |   260 |   253 |       |       |       |       ||   756
       Headbutt          |    18 |    28 |    68 |   240 |   647 |   473 |   511 |   473 ||  2458
       Falchion          |       |       |       |   571 |  1556 |       |       |       ||  2127
       Rapier            |       |       |       |     6 |    24 |    12 |       |       ||    42
       Demon blade       |       |       |       |       |   321 |       |       |       ||   321
       Double sword      |       |       |       |       |   249 |  1090 |  1413 |  1186 ||  3938
       Scimitar          |       |       |       |       |     8 |   650 |       |       ||   658
Invok: Heroism           |       |       |     2 |     7 |    11 |     1 |     3 |     9 ||    33
       Finesse           |       |       |       |     2 |     3 |       |       |       ||     5
 Abil: Evoke Flight      |       |       |       |       |     1 |       |     7 |       ||     8
Evoke: Wand              |       |       |     1 |    14 |     4 |     1 |     6 |     3 ||    29
  Use: Scroll            |       |     5 |     9 |    10 |    18 |    19 |     7 |    16 ||    84
       Potion            |       |     1 |       |     1 |     2 |     1 |     3 |    15 ||    23
 Stab: Confused          |       |       |       |       |       |     1 |       |       ||     1
       Distracted        |       |       |       |       |       |       |       |     3 ||     3
  Eat: Chunk             |       |     5 |    11 |    29 |    45 |    54 |    42 |    24 ||   210
       Fruit             |       |       |     1 |     3 |     6 |    10 |    11 |    13 ||    44
Armor: Scale mail        |    33 |       |       |       |       |       |       |       ||    33
       Chain mail        |     6 |    84 |    86 |       |       |       |       |       ||   176
       Plate armour      |       |       |    19 |   102 |       |       |       |   237 ||   358
       Crystal plate arm |       |       |       |   190 |    18 |       |       |       ||   208
       Gold dragon scale |       |       |       |       |  1034 |   781 |   264 |   242 ||  2321
Dodge: Dodged            |    35 |    31 |    74 |   286 |   402 |   253 |   152 |   288 ||  1521
Block: Shield            |    71 |    97 |   137 |   503 |  1277 |       |       |       ||  2085
       Large shield      |       |       |       |       |   314 |  2911 |  1608 |  2073 ||  6906
       Reflection        |       |       |       |       |       |    68 |    11 |       ||    79
       Rpst.: Long sword |     5 |     5 |    22 |    34 |       |       |       |       ||    66
       Falchion          |       |       |       |    44 |    71 |       |       |       ||   115
       Double sword      |       |       |       |       |    14 |    27 |    23 |    33 ||    97
       Demon blade       |       |       |       |       |     4 |       |       |       ||     4
       Scimitar          |       |       |       |       |       |    14 |       |       ||    14
